R+ - U24
ELIZABETHTON TWINS @ LETHBRIDGE BLACK DIAMONDS
07/22/2052
 
TOP OF THE 1ST
Elizabethton Twins batting - Pitching for Calgary Cannons : RHP Solomon Grant
Pitching: RHP Solomon Grant
Batting: RHB Tim Herbold 0-0: Swinging Strike
0-1: Foul Ball, location: 5F
0-2: Ball
1-2: Ball
2-2: Ball
3-2: Foul Ball, location: 2F
3-2: Foul Ball, location: 2RF
3-2: Strikes out swinging
Batting: RHB D.J. Adamson 0-0: Ball
1-0: Foul Ball, location: 23F
1-1: Ground out 6-3 (Groundball, 6, EV 78.1 MPH)
Batting: SHB Sylvester Cotter 0-0: Ball
1-0: Fly out, F7 (Line Drive, 7D, EV 84.4 MPH)
Top of the 1st over - 0 runs, 0 hits, 0 errors, 0 left on base; Elizabethton 0 - Calgary 0
BOTTOM OF THE 1ST
Calgary Cannons batting - Pitching for Elizabethton Twins : LHP Les Hess
Pitching: LHP Les Hess
Batting: LHB Bruce Lombardi 0-0: SINGLE (Groundball, 34D, EV 104.4 MPH)
Batting: RHB Caesario Velasco 0-0: Ball
1-0: Ball
Bruce Lombardi is caught stealing 2nd base 2-4
2-0: Foul Ball, location: 9LMF
2-1: Foul Ball, location: 7LMFF
2-2: Strikes out swinging
Batting: RHB Aaron Bardales 0-0: Ball
1-0: Ball
2-0: Ball
3-0: Called Strike
3-1: Foul Ball, location: 2F
3-2: Base on Balls
Batting: RHB Jeff Thomas 0-0: Called Strike
0-1: Ball
1-1: Ball
Aaron Bardales steals 2nd base
2-1: Foul Ball, location: 7LMF
Balk!
Aaron Bardales to third
2-2: Strikes out looking
Bottom of the 1st over - 0 runs, 1 hit, 0 errors, 1 left on base; Elizabethton 0 - Calgary 0
TOP OF THE 2ND
Elizabethton Twins batting - Pitching for Calgary Cannons : RHP Solomon Grant
Batting: RHB Harrison Timmis 0-0: Ball
1-0: Foul Ball, location: 3FF
1-1: Ball
2-1: Fly out, F8 (Flyball, 8RM, EV 90.0 MPH)
Batting: SHB Jack Lomax 0-0: Fly out, F9 (Flyball, 89XD, EV 93.8 MPH)
Batting: RHB Levi Provenzano 0-0: Ball
1-0: Ground out U3 (Groundball, 34, EV 81.3 MPH)
Top of the 2nd over - 0 runs, 0 hits, 0 errors, 0 left on base; Elizabethton 0 - Calgary 0
BOTTOM OF THE 2ND
Calgary Cannons batting - Pitching for Elizabethton Twins : LHP Les Hess
Batting: RHB Kyle Wood 0-0: Ball
1-0: Called Strike
1-1: Ball
2-1: Fly out, F9 (Flyball, 89M, EV 93.1 MPH)
Batting: SHB A.J. Comings 0-0: Ball
1-0: Ball
2-0: Ball
3-0: Base on Balls
Batting: LHB Bienvenido Mundo 0-0: Fielders Choice at 2nd, 6-4 (Groundball, 6, EV 88.1 MPH)
Batting: LHB Kim Tobias 0-0: Ground out 4-3 (Groundball, 4S, EV 90.0 MPH)
Bottom of the 2nd over - 0 runs, 0 hits, 0 errors, 1 left on base; Elizabethton 0 - Calgary 0
TOP OF THE 3RD
Elizabethton Twins batting - Pitching for Calgary Cannons : RHP Solomon Grant
Batting: RHB Bill Sheppard 0-0: Called Strike
0-1: Ball
1-1: Ground out 6-3 (Groundball, P, EV 88.8 MPH)
Batting: RHB Louis Pacheco 0-0: SINGLE (Line Drive, 9S, EV 99.4 MPH)
Batting: RHB Sam Elchert 0-0: Ball
1-0: Fly out, F8 (Line Drive, 8RM, EV 101.3 MPH)
Batting: RHB Tim Herbold 0-0: Ball
1-0: Called Strike
1-1: Swinging Strike
1-2: Ball
2-2: Foul Ball, location: 3FF
2-2: Ball
3-2: Strikes out swinging
Top of the 3rd over - 0 runs, 1 hit, 0 errors, 1 left on base; Elizabethton 0 - Calgary 0
BOTTOM OF THE 3RD
Calgary Cannons batting - Pitching for Elizabethton Twins : LHP Les Hess
Batting: RHB Willis Uranio 0-0: Ball
1-0: Called Strike
1-1: Swinging Strike
1-2: Strikes out looking
Batting: LHB Bruce Lombardi 0-0: Ball
1-0: Swinging Strike
1-1: Ball
2-1: Foul Ball, location: 7LDF
2-2: SINGLE (Groundball, 6D, EV 110.6 MPH) (infield hit)
Batting: RHB Caesario Velasco 0-0: Foul Ball, location: 3F
0-1: SINGLE (Line Drive, 8RS, EV 102.5 MPH)
Bruce Lombardi to second
Batting: RHB Aaron Bardales 0-0: 3-RUN HOME RUN (Flyball, 8RXD, EV 110.6 MPH), Distance : 419 ft
Batting: RHB Jeff Thomas 0-0: Ball
1-0: Ball
2-0: Called Strike
2-1: Called Strike
2-2: Strikes out looking
Batting: RHB Kyle Wood 0-0: Ground out 5-3 (Groundball, 5, EV 81.9 MPH)
Bottom of the 3rd over - 3 runs, 3 hits, 0 errors, 0 left on base; Elizabethton 0 - Calgary 3
TOP OF THE 4TH
Elizabethton Twins batting - Pitching for Calgary Cannons : RHP Solomon Grant
Batting: RHB D.J. Adamson 0-0: Called Strike
0-1: Ball
1-1: Ball
2-1: Ball
3-1: SINGLE (Groundball, 6MD, EV 103.1 MPH)
Batting: SHB Sylvester Cotter 0-0: Foul Ball, location: 9LDF
0-1: 2-RUN HOME RUN (Flyball, 9LD, EV 90.0 MPH), Distance : 328 ft
Batting: RHB Harrison Timmis 0-0: Ground out 6-3 (Groundball, 6, EV 86.3 MPH)
Batting: SHB Jack Lomax 0-0: Ball
1-0: Ground out 1-3 (Groundball, P, EV 63.8 MPH)
Batting: RHB Levi Provenzano 0-0: Called Strike
0-1: Ball
1-1: Called Strike
1-2: SINGLE (Line Drive, 89S, EV 93.1 MPH)
Batting: RHB Bill Sheppard 0-0: 2-RUN HOME RUN (Flyball, 7D, EV 98.1 MPH), Distance : 363 ft
Batting: RHB Louis Pacheco 0-0: Foul Ball, location: 2F
0-1: Swinging Strike
0-2: Strikes out swinging
Top of the 4th over - 4 runs, 4 hits, 0 errors, 0 left on base; Elizabethton 4 - Calgary 3
BOTTOM OF THE 4TH
Calgary Cannons batting - Pitching for Elizabethton Twins : LHP Les Hess
Batting: SHB A.J. Comings 0-0: Foul Ball, location: 7LSF
0-1: Called Strike
0-2: Ball
1-2: Fly out, F7 (Line Drive, 7, EV 91.9 MPH)
Batting: LHB Bienvenido Mundo 0-0: Foul Ball, location: 9LSF
0-1: Called Strike
0-2: Ball
1-2: Reached on error, E6 (Groundball, 6, EV 87.5 MPH)
Batting: LHB Kim Tobias 0-0: Ball
1-0: Ball
2-0: Ball
3-0: Base on Balls
Bienvenido Mundo to second
Batting: RHB Willis Uranio 0-0: Called Strike
0-1: Ball
1-1: Ball
2-1: 3-RUN HOME RUN (Flyball, 8LXD, EV 105.6 MPH), Distance : 422 ft
Pitching: RHP Adriano Nieves
Batting: LHB Bruce Lombardi 0-0: Ball
1-0: Ball
2-0: Called Strike
2-1: Foul Ball, location: 2F
2-2: Foul Ball, location: 2F
2-2: Strikes out swinging
Batting: RHB Caesario Velasco 0-0: Ball
1-0: Called Strike
1-1: Ball
2-1: Fly out, F7 (Line Drive, 7S, EV 93.8 MPH)
Bottom of the 4th over - 3 runs, 1 hit, 1 error, 0 left on base; Elizabethton 4 - Calgary 6
TOP OF THE 5TH
Elizabethton Twins batting - Pitching for Calgary Cannons : RHP Solomon Grant
Batting: RHB Sam Elchert 0-0: SINGLE (Line Drive, 3D, EV 98.8 MPH)
Batting: RHB Tim Herbold 0-0: Sac Bunt to 13S - play at first, batter OUT! 1-3
Sam Elchert to second
Batting: RHB D.J. Adamson 0-0: Ball
1-0: Foul Ball, location: 7LSF
1-1: Called Strike
1-2: Ground out 5-3 (Groundball, 56, EV 108.8 MPH)
Batting: SHB Sylvester Cotter 0-0: Ground out 4-3 (Groundball, 4S, EV 83.8 MPH)
Top of the 5th over - 0 runs, 1 hit, 0 errors, 1 left on base; Elizabethton 4 - Calgary 6
BOTTOM OF THE 5TH
Calgary Cannons batting - Pitching for Elizabethton Twins : RHP Adriano Nieves
Batting: RHB Aaron Bardales 0-0: Ground out 4-3 (Groundball, 4, EV 76.3 MPH)
Batting: RHB Jeff Thomas 0-0: Called Strike
0-1: Fly out, F8 (Flyball, 8RD, EV 105.0 MPH)
Batting: RHB Kyle Wood 0-0: Ball
1-0: Foul Ball, location: 2F
1-1: Ball
2-1: DOUBLE (Groundball, 5L, EV 100.6 MPH)
Batting: SHB A.J. Comings 0-0: Called Strike
0-1: Fly out, F2 (Popup, 23F, EV 82.5 MPH)
Bottom of the 5th over - 0 runs, 1 hit, 0 errors, 1 left on base; Elizabethton 4 - Calgary 6
TOP OF THE 6TH
Elizabethton Twins batting - Pitching for Calgary Cannons : RHP Solomon Grant
Batting: RHB Harrison Timmis 0-0: Called Strike
0-1: Ball
1-1: Called Strike
1-2: Ball
2-2: Strikes out swinging
Batting: SHB Jack Lomax 0-0: Ball
1-0: Ball
2-0: Reached on error, E3 (Groundball, 34S, EV 81.9 MPH)
Batting: RHB Levi Provenzano 0-0: Ball
1-0: Swinging Strike
1-1: Ball
2-1: Swinging Strike
Jack Lomax steals 2nd base
2-2: Foul Ball, location: 9LMF
2-2: Foul Ball, location: 9LDF
2-2: Ball
3-2: Base on Balls
Batting: RHB Bill Sheppard 0-0: Fly out, F7 (Flyball, 7, EV 90.6 MPH)
Batting: RHB Louis Pacheco 0-0: Ball
1-0: Called Strike
1-1: Swinging Strike
1-2: Ball
2-2: Strikes out swinging
Top of the 6th over - 0 runs, 0 hits, 1 error, 2 left on base; Elizabethton 4 - Calgary 6
BOTTOM OF THE 6TH
Calgary Cannons batting - Pitching for Elizabethton Twins : RHP Adriano Nieves
Batting: LHB Bienvenido Mundo 0-0: Foul Ball, location: 7LMF
0-1: Ball
1-1: Ball
2-1: Fly out, F8 (Flyball, 8RD, EV 98.1 MPH)
Batting: LHB Kim Tobias 0-0: SINGLE (Flyball, 78S, EV 85.0 MPH) - OUT at second base trying to stretch hit.
Batting: RHB Willis Uranio 0-0: Ball
1-0: SINGLE (Line Drive, 5D, EV 97.5 MPH)
Batting: LHB Bruce Lombardi 0-0: Called Strike
0-1: Ball
1-1: Swinging Strike
1-2: SINGLE (Line Drive, 7S, EV 97.5 MPH)
Willis Uranio to second
Batting: RHB Caesario Velasco 0-0: Fly out, F3 (Popup, 3S, EV 70.6 MPH)
Bottom of the 6th over - 0 runs, 3 hits, 0 errors, 2 left on base; Elizabethton 4 - Calgary 6
TOP OF THE 7TH
Elizabethton Twins batting - Pitching for Calgary Cannons : RHP Solomon Grant
Batting: RHB Sam Elchert 0-0: Ball
1-0: Called Strike
1-1: Ball
2-1: Ball
3-1: Called Strike
3-2: Foul Ball, location: 2F
3-2: Fly out, F9 (Flyball, 9LMF, EV 90.6 MPH)
Pitching: LHP Miles Efe
Batting: RHB Tim Herbold 0-0: SINGLE (Flyball, 89S, EV 92.5 MPH)
Batting: RHB D.J. Adamson 0-0: Ball
1-0: Foul Ball, location: 9LSF
1-1: Grounds into double play, 5-4-3 (Groundball, 56, EV 85.6 MPH)
Top of the 7th over - 0 runs, 1 hit, 0 errors, 0 left on base; Elizabethton 4 - Calgary 6
BOTTOM OF THE 7TH
Calgary Cannons batting - Pitching for Elizabethton Twins : RHP Adriano Nieves
Batting: RHB Aaron Bardales 0-0: Swinging Strike
0-1: Ball
1-1: Called Strike
1-2: Foul Ball, location: 3DF
1-2: Strikes out swinging
Batting: RHB Jeff Thomas 0-0: Fly out, F2 (Popup, 25F, EV 73.8 MPH)
Batting: RHB Kyle Wood 0-0: Called Strike
0-1: Reached on error, E9 (Flyball, 89D, EV 96.3 MPH)
Batting: SHB A.J. Comings 0-0: Swinging Strike
0-1: Fly out, F7 (Flyball, 7, EV 86.3 MPH)
Bottom of the 7th over - 0 runs, 0 hits, 1 error, 1 left on base; Elizabethton 4 - Calgary 6
TOP OF THE 8TH
Elizabethton Twins batting - Pitching for Calgary Cannons : LHP Miles Efe
Batting: SHB Sylvester Cotter 0-0: Swinging Strike
0-1: SINGLE (Line Drive, 9S, EV 93.1 MPH)
Batting: RHB Harrison Timmis 0-0: Ball
1-0: Ball
2-0: Ball
3-0: Called Strike
3-1: Swinging Strike
3-2: Base on Balls
Sylvester Cotter to second
Batting: SHB Jack Lomax 0-0: Ball
1-0: Foul Ball, location: 9LDF
1-1: Ball
2-1: Foul Ball, location: 2F
2-2: Strikes out swinging
Batting: RHB Levi Provenzano 0-0: Fly out, F9 (Flyball, 9LM, EV 81.9 MPH)
Batting: RHB Bill Sheppard 0-0: Called Strike
0-1: Fly out, F8 (Flyball, 8LM, EV 88.8 MPH)
Top of the 8th over - 0 runs, 1 hit, 0 errors, 2 left on base; Elizabethton 4 - Calgary 6
BOTTOM OF THE 8TH
Calgary Cannons batting - Pitching for Elizabethton Twins : RHP Adriano Nieves
Batting: LHB Bienvenido Mundo 0-0: Fly out, F8 (Flyball, 8RM, EV 95.0 MPH)
Batting: LHB Kim Tobias 0-0: Ball
1-0: Ground out 4-3 (Groundball, 34D, EV 96.3 MPH)
Batting: RHB Willis Uranio 0-0: Ball
1-0: Ball
2-0: Swinging Strike
2-1: Ground out 3-1 (Groundball, 34, EV 84.4 MPH)
Bottom of the 8th over - 0 runs, 0 hits, 0 errors, 0 left on base; Elizabethton 4 - Calgary 6
TOP OF THE 9TH
Elizabethton Twins batting - Pitching for Calgary Cannons : LHP Miles Efe
Pitching: RHP Nolan Clifton
Pinch Hitting: LHB Alejandro Moya 0-0: DOUBLE (Line Drive, 9LS, EV 95.6 MPH)
Pinch Hitting: RHB Neal Hodson 0-0: Called Strike
0-1: Ball
1-1: Foul Ball, location: 3FF
1-2: Ball
2-2: Strikes out swinging
Batting: RHB Tim Herbold 0-0: Ball
Wild Pitch!
Alejandro Moya to third
1-0: Foul Ball, location: 2F
1-1: Ball
2-1: Called Strike
2-2: Strikes out swinging
Batting: RHB D.J. Adamson 0-0: Called Strike
0-1: Swinging Strike
0-2: Ball
1-2: DOUBLE (Line Drive, 78D, EV 104.4 MPH)
Alejandro Moya scores
Batting: SHB Sylvester Cotter 0-0: Foul Ball, location: 7LDF
0-1: Ball
1-1: Foul Ball, location: 2F
1-2: Ball
2-2: Foul Ball, location: 5SF
2-2: Foul Ball, location: 3FF
2-2: Ball
3-2: SINGLE (Flyball, 5D, EV 90.6 MPH)
D.J. Adamson to third
Runner from 3rd tries for Home, SAFE, throw by LF to home
Sylvester Cotter to second
Batting: RHB Harrison Timmis 0-0: Intentional Walk
Batting: SHB Jack Lomax 0-0: Called Strike
0-1: Ball
1-1: Ball
2-1: Ball
3-1: Fly out, F7 (Flyball, 7LD, EV 94.4 MPH)
Top of the 9th over - 2 runs, 3 hits, 0 errors, 2 left on base; Elizabethton 6 - Calgary 6
BOTTOM OF THE 9TH
Calgary Cannons batting - Pitching for Elizabethton Twins : RHP Adriano Nieves
Now at C: Ricardo Orea
Now in LF: D.J. Adamson
Now in RF: Alejandro Moya
Batting: LHB Bruce Lombardi 0-0: Ball
1-0: Swinging Strike
1-1: Ball
2-1: Ball
3-1: Foul Ball, location: 5SF
3-2: Base on Balls
Pinch Hitting: LHB Jake Tarver 0-0: Ball
1-0: Ball
2-0: Ball
3-0: Called Strike
3-1: Called Strike
3-2: Foul Ball, location: 3FF
3-2: Base on Balls
Bruce Lombardi to second
Pitching: RHP Marco Blanco
Batting: RHB Aaron Bardales 0-0: Foul Ball, location: 3FF
0-1: Ball
1-1: Ball
2-1: Foul Ball, location: 2F
2-2: Foul Ball, location: 2F
2-2: Ball
3-2: SINGLE (Line Drive, 4MD, EV 66.3 MPH)
Bruce Lombardi to third
Jake Tarver to second
Runner from 3rd tries for Home, SAFE, throw by CF to home
Bottom of the 9th over - 1 run, 1 hit, 0 errors, 2 left on base; Elizabethton 6 - Calgary 7
Tuesday, April 30th , 2024 - OOTP Baseball 24.11 Build 85